 Dungeon Crawl Stone Soup version 0.21-a0-70-g32e1473 (console) character file.

206 removed the Conjurer (level 5, -2/38 HPs)
             Began as a Demigod Conjurer on June 18, 2017.
             Slain by a hound (6 damage)
             ... on level 4 of the Dungeon.
             The game lasted 00:05:45 (2650 turns).

removed the Conjurer (Demigod Conjurer)             Turns: 2650, Time: 00:05:45

Health: -2/38      AC:  4    Str: 11    XL:     5   Next: 28%
Magic:  0/10       EV: 12    Int: 21    God:
Gold:   247        SH:  0    Dex: 16    Spells: 4/7 levels left

rFire    . . .     SeeInvis .   a - +0 quarterstaff
rCold    + . .     Gourm    .   (shield currently unavailable)
rNeg     . . .     Faith    .   n - +2 robe {rC+}
rPois    .         Spirit   .   (no helmet)
rElec    .         Reflect  .   (no cloak)
rCorr    .         Harm     .   (no gloves)
MR       .....                  (no boots)
Stlth    ++........             (no amulet)
HPRegen  0.12/turn              (no ring)
MPRegen  0.12/turn              (no ring)

@: no status effects
A: high mp 1
a: no special abilities


You were on level 4 of the Dungeon.
You were hungry.

You visited 1 branch of the dungeon, and saw 4 of its levels.

You collected 247 gold pieces.

Inventory:

Hand Weapons
 a - a +0 quarterstaff (weapon)
 b - a +0 spear
 h - a +0 hand axe
 v - a +2 dagger of pain
Armour
 n - a +2 robe of cold resistance (worn)
 r - a +0 robe
Wands
 A - a wand of lightning (2/15)
Scrolls
 d - 2 scrolls of noise {unknown}
 e - 2 scrolls of enchant armour {unknown}
 g - 8 scrolls of identify {unknown}
 j - a scroll of magic mapping {unknown}
 s - a scroll of fear {unknown}
 t - a scroll of amnesia {unknown}
 u - 3 scrolls of remove curse {unknown}
 y - a scroll of teleportation {unknown}
Potions
 f - 4 potions of curing {unknown}
 l - 2 potions of degeneration {unknown}
 m - 2 potions of heal wounds {unknown}
 p - a potion of resistance {unknown}
 q - a potion of haste {unknown}
 x - 2 potions of might {unknown}
 z - a potion of flight {unknown}
Books
 k - a book of Conjurations

   Spells                             Type                      Level
   a - Magic Dart                     Conjuration                  1
   b - Searing Ray                    Conjuration                  2
   c - Dazzling Spray                 Conjuration/Hexes            3
   d - Fulminant Prism                Conjuration/Hexes            4
   e - Force Lance                    Conjuration/Translocation    4
   f - Iskenderun's Mystic Blast      Conjuration                  4
Comestibles
 c - 3 bread rations
 o - 4 fruits
 w - 5 chunks of flesh


   Skills:
 - Level 1.7 Dodging
 - Level 1.7 Stealth
 - Level 1.7 Spellcasting
 + Level 6.2 Conjurations


You had 4 spell levels left.
You knew the following spells:

 Your Spells              Type           Power        Failure   Level  Hunger
a - Magic Dart            Conj           ####         1%          1    #......
b - Searing Ray           Conj           ####..       1%          2    ###....


Dungeon Overview and Level Annotations

Branches:
Dungeon (4/15)
 Temple: D:4-7

Annotations:
D:4 1 runed door


Innate Abilities, Weirdness & Mutations

You have an increased reservoir of magic. (+10% MP)


Message History

You sock the hound!
The hound is almost dead.
The hound barely misses you. The hound bites you.
* * * LOW HITPOINT WARNING * * *
You miss the hound.
The hound is almost dead.
The hound closely misses you. The hound barely misses you.
Some of the chunks of flesh in your inventory have rotted away.
You hit the hound but do no damage.
The hound is severely wounded.
The hound misses you. The hound bites you but does no damage.
Casting: Magic Dart
Confirm with . or Enter, or press ? or * to list all spells.
Aiming: Magic Dart
Press: ? - help, Shift-Dir - straight line, f/p - hound
Aim: a hound (severely wounded)
The magic dart hits the hound.
The hound is almost dead.
The hound closely misses you. The hound bites you.
You die...

..# ###.# ..#.# ###### #.#.#
#....# #.#.# #....# ####
(.#.# #....# .....
..#.#######....########......
...............h@)).).)).....
..#.##....#....########......
#.#.##....#.......# .....
....##....#......... .g..
#.#########.........$ g.. (..
#.......... .. #..
#.......... . #..#
#..........


You could see a hound.

Vanquished Creatures
  A hound (D:4)
  Jessica (D:2)
  A worker ant (D:4)
  Robin (D:4)
  3 adders
  A shadow imp (D:3)
  An ooze (D:3)
  2 worms
  4 leopard geckos
  An orc (D:3)
  6 giant cockroaches
  17 goblins
  7 hobgoblins
  A quokka (D:2)
  3 ball pythons
  3 frilled lizards
  A jackal skeleton (D:4)
  4 kobolds
  7 rats
65 creatures vanquished.

Notes
Turn   | Place    | Note
-------+----------+-------------------------------------------
     0 | D:1      | removed the Demigod Conjurer began the quest for the Orb.
     0 | D:1      | Reached XP level 1. HP: 14/14 MP: 5/5
   161 | D:1      | Reached skill level 4 in Conjurations
   251 | D:1      | Reached XP level 2. HP: 20/20 MP: 2/7
   313 | D:1      | Learned a level 2 spell: Searing Ray
   523 | D:1      | You fall through a shaft!
   523 | D:2      | Noticed Jessica
   540 | D:2      | Killed Jessica
   540 | D:2      | Reached XP level 3. HP: 19/26 MP: 5/8
   673 | D:2      | Reached skill level 5 in Conjurations
  1414 | D:1      | Reached XP level 4. HP: 33/33 MP: 3/9
  2314 | D:3      | Found a sacrificial altar of Ru.
  2440 | D:4      | Found a runed door.
  2483 | D:4      | Found an iron altar of Okawaru.
  2484 | D:4      | Found a shadowy altar of Dithmenos.
  2509 | D:4      | Reached skill level 6 in Conjurations
  2509 | D:4      | Reached XP level 5. HP: 32/38 MP: 4/10
  2510 | D:4      | Found a glowing silver altar of Zin.
  2568 | D:4      | Found a blossoming altar of Fedhas.
  2572 | D:4      | Found an ornate altar of the Wu Jian Council.
  2573 | D:4      | Found a snail-covered altar of Cheibriados.
  2573 | D:4      | Found a glowing golden altar of the Shining One.
  2607 | D:4      | Noticed Robin
  2624 | D:4      | Killed Robin
  2650 | D:4      | Slain by a hound

Vault maps used:
D:1:      roderic_crossed_star, minmay_shallow_snake_nest
D:2:      first_bread, minivault_5, uniq_jessica
D:3:      nicolae_ru_path_of_blood, hex_large
D:4:      lightli_temple_of_fire, grunt_temple_overflow_open,
          lemuel_doored_altar, gup_sewer_entry_spiral, uniq_robin,
          uniq_crazy_yiuf_cottage, uniq_sigmund

Skill      XL: |  1  2  3  4 |
---------------+-------------+-----
Conjurations   | 4 5 6 |  6.2
Dodging        | |  1.7
Stealth        | |  1.7
Spellcasting   | |  1.7

Action                   |  1- 3 |  4- 6 || total
-------------------------+-------+-------++-------
Melee: Spear             |     2 |       ||     2
       Quarterstaff      |       |    21 ||    21
 Cast: Magic Dart        |    50 |    38 ||    88
       Searing Ray       |     2 |     5 ||     7
Evoke: Wand              |       |     3 ||     3
  Eat: Chunk             |     1 |     5 ||     6
Armor: Robe              |     1 |     8 ||     9
Dodge: Dodged            |     3 |    29 ||    32
